Ice Dragons vs Sewer Rats
Created - January 19, 2020 at 19:52
Goals
|
Ice Dragons |
1 |
4 |
1 |
6 |
Sewer Rats |
2 |
0 |
1 |
3 |
|
Shots
|
Ice Dragons |
9 |
19 |
12 |
40 |
Sewer Rats |
12 |
9 |
10 |
31 |
|
1st period
1. Sewer Rats , Nick Cousins 14 (Martin Frk 16) at 2:11
2. Ice Dragons , Jordan LaVallee 17 (Brian Boyle 22) at 5:09
3. Sewer Rats , Tomas Tatar 21 (Vincent Trocheck 46) at 17:42 (PP)
Penalties :
Sam Carrick (Kin) for Slashing (Minor) at 17:40
2nd period
4. Ice Dragons , Sam Carrick 12 (Mike Reilly 7, Jordan LaVallee 23) at 2:30
5. Ice Dragons , Corban Knight 18 (Samuel Groulx 8) at 7:43 (PP)
6. Ice Dragons , Corban Knight 19 (Samuel Groulx 9) at 12:03
7. Ice Dragons , Jordan LaVallee 18 (Brayden McNabb 24, Brian Boyle 23) at 13:05
Penalties :
Connor Carrick (Tol) for Hooking (Minor) at 7:16, Erik Condra (Tol) for Interference (Minor) at 14:12
3rd period
8. Sewer Rats , Vincent Trocheck 22 (Tomas Tatar 14, Mark Mancari 32) at 1:20 (PP)
9. Ice Dragons , Jordan LaVallee 19 (Brandon Kozun 14) at 17:32 (PP)
Penalties :
William Carrier (Kin) for High sticking (Minor) at 1:04, Brayden McNabb (Kin) for Elbowing (Minor) at 1:41, Nick Cousins (Tol) for High sticking (Minor) at 4:36, Michael Dal Colle (Tol) for Holding (Minor) at 10:04, Tomas Tatar (Tol) for Holding (Minor) at 10:08, Sam Carrick (Kin) for Hooking (Minor) at 13:45, Michael Dal Colle (Tol) for Delaying the game (Minor) at 16:07
Goalie Stats
Oscar Dansk (Kin), 28 saves from 31 shots - (0.903), W, 1-2-0, 60:00 minutes
Darcy Kuemper (Tol), 16 saves from 21 shots - (0.762), L, 3-7-2, 33:05 minutes
Marek Mazanek (Tol), 18 saves from 19 shots - (0.947), 26:55 minutes
Players Stats for Ice Dragons
Player Name G A P +/- PIM S H SB GA TA FO MP PP MP PK MP
------------------------------------------------------------------------------------
Alex Plante 0 0 0 1 0 1 1 0 0 0 0/0 12:58 0:00 0:06
Brandon Kozun 0 1 1 2 0 1 1 1 0 0 3/4 19:38 5:04 0:00
Brayden McNabb 0 1 1 2 2 3 3 0 0 0 0/0 25:23 5:07 1:36
Brian Boyle 0 2 2 2 0 1 3 0 0 0 15/27 22:01 5:04 2:26
Chris Wagner 0 0 0 0 0 1 0 0 0 0 1/2 15:33 2:49 0:00
Corban Knight 2 0 2 0 0 9 0 1 0 0 6/17 16:47 2:49 1:12
Emil Pettersson 0 0 0 0 0 1 0 0 0 0 1/2 9:04 0:00 0:00
Jordan LaVallee 3 1 4 2 0 8 1 0 2 1 1/6 22:31 5:04 2:25
Juho Lammikko 0 0 0 0 0 3 2 0 0 0 0/0 9:07 0:00 0:00
Justin Shugg 0 0 0 1 0 2 1 0 0 0 0/0 11:17 0:00 0:00
Kevin Connauton 0 0 0 2 0 2 3 1 1 0 0/0 26:38 5:07 2:48
Logan MacMillan 0 0 0 0 0 4 1 0 1 0 0/0 16:17 2:49 0:45
Michael Ferland 0 0 0 0 0 1 0 0 1 0 0/0 10:39 0:00 1:05
Mike Reilly 0 1 1 0 0 1 0 1 0 0 0/0 19:35 2:46 1:38
Robin Norell 0 0 0 1 0 0 0 0 0 0 0/0 13:54 0:00 1:02
Sam Carrick 1 0 1 1 4 2 1 0 0 0 2/2 11:59 0:00 0:00
Samuel Groulx 0 2 2 0 0 0 0 2 1 0 0/0 19:19 2:46 1:22
William Carrier 0 0 0 1 2 0 4 0 3 0 0/0 11:51 0:00 0:39
Players Stats for Sewer Rats
Player Name G A P +/- PIM S H SB GA TA FO MP PP MP PK MP
------------------------------------------------------------------------------------
Connor Carrick 0 0 0 -1 2 1 1 1 0 0 0/0 11:29 0:00 0:00
Daniel Carr 0 0 0 0 0 1 3 1 0 0 0/0 15:24 1:48 0:49
Dmitrij Jaskin 0 0 0 0 0 2 1 0 0 2 0/0 11:29 0:00 2:06
Erik Condra 0 0 0 0 2 3 1 1 0 1 1/2 14:00 1:48 0:47
Jared McCann 0 0 0 0 0 0 0 0 0 1 1/5 8:27 0:00 0:00
Jarred Tinordi 0 0 0 -3 0 3 1 1 0 1 0/0 28:24 3:04 4:46
Joel Edmundson 0 0 0 1 0 1 2 1 0 3 0/0 19:47 1:12 3:07
John Ramage 0 0 0 -1 0 1 0 3 0 0 0/0 11:22 0:00 0:00
Jonathan Marchessault 0 0 0 0 0 2 0 0 0 0 4/8 13:08 1:48 0:00
Joseph Blandisi 0 0 0 -1 0 0 1 0 0 0 0/0 12:13 0:00 0:00
Mark Mancari 0 1 1 -2 0 1 0 0 1 0 7/9 22:06 2:28 4:26
Martin Frk 0 1 1 -1 0 1 1 0 0 1 0/0 12:03 0:00 0:00
Michael Dal Colle 0 0 0 0 4 0 1 0 0 0 0/0 8:26 0:00 0:01
Nick Cousins 1 0 1 -1 2 2 0 0 0 0 2/4 12:43 0:00 0:00
Stefan Elliott 0 0 0 1 0 0 2 1 0 0 0/0 19:30 1:12 3:07
Steven Kampfer 0 0 0 -3 0 2 4 3 0 0 0/0 25:03 3:04 4:46
Tomas Tatar 1 1 2 -2 2 6 1 1 0 0 2/3 21:16 2:28 3:35
Vincent Trocheck 1 1 2 -2 0 4 1 0 0 0 14/29 18:52 2:28 2:06
Xavier Ouellet 0 0 0 0 0 1 0 0 0 0 0/0 4:24 0:00 0:00
3 Stars
1 - Jordan LaVallee (Kin)
2 - Corban Knight (Kin)
3 - Brian Boyle (Kin)
Power Play
Ice Dragons - 2 on 6 Attempt(s) - 33.33%
Sewer Rats - 2 on 4 Attempt(s) - 50.00%
Penalty Kill
Ice Dragons - 2 on 4 Attempt(s) - 50.00%
- Score 0 goal in Penalty Kill
Sewer Rats - 4 on 6 Attempt(s) - 66.67%
- Score 0 goal in Penalty Kill
Team Stat
Ice Dragons - Hits : 21 - Faceoff Wins : 29 - Blocked Shots : 6 - Penalty Minutes : 8
Sewer Rats - Hits : 20 - Faceoff Wins : 31 - Blocked Shots : 13 - Penalty Minutes : 12
Official
Referees : Unknown
Linesman : Unknown
Game Notes
Marek Mazanek enters game at 13:05 of 2nd period
13:13 of 2nd period - Ice Dragons goal is going for a video replay. After video review, No Goal. The attacking player has interfered with a goalkeeper in his goal crease.
Jordan LaVallee has scored a Hat Trick!
Finance
Level 1 -- Attendance: 1415 (70.75%) -- Ticket Income $49,525
Level 2 -- Attendance: 1000 (100.00%) -- Ticket Income $17,000
Total Attendance: 2415 (80.50%)
Total Ticket Income: $66,525
Other Income: $3,326
Total Income: $69,851
Ice Dragons
5 vs 5 Forward
Center Left Wing Right Wing Time % Phy DF OF
1 Brian Boyle Jordan LaVallee Brandon Kozun 40 1 2 2
2 Corban Knight Logan MacMillan Chris Wagner 30 1 2 2
3 Sam Carrick William Carrier Justin Shugg 20 1 2 2
4 Emil Pettersson Michael Ferland Juho Lammikko 10 1 2 2
5 vs 5 Defense
Defense Defense Time % Phy DF OF
1 Brayden McNabb Kevin Connauton 40 1 2 2
2 Samuel Groulx Mike Reilly 30 1 2 2
3 Alex Plante Robin Norell 20 1 2 2
4 Brayden McNabb Kevin Connauton 10 1 2 2
PowerPlay Forward
Center Left Wing Right Wing Time % Phy DF OF
1 Brian Boyle Jordan LaVallee Brandon Kozun 60 1 2 2
2 Corban Knight Logan MacMillan Chris Wagner 40 1 2 2
PowerPlay Defense
Defense Defense Time % Phy DF OF
1 Brayden McNabb Kevin Connauton 60 1 2 2
2 Samuel Groulx Mike Reilly 40 1 2 2
Penalty Kill 4 Players Forward
Center Wing Time % Phy DF OF
1 Jordan LaVallee Brian Boyle 60 1 2 2
2 Corban Knight Logan MacMillan 40 1 2 2
Penalty Kill 4 Players Defense
Defense Defense Time % Phy DF OF
1 Brayden McNabb Kevin Connauton 60 1 2 2
2 Samuel Groulx Mike Reilly 40 1 2 2
Penalty Kill - 3 Players Forward
Forward Time % Phy DF OF
1 Jordan LaVallee 60 1 2 2
2 Brian Boyle 40 1 2 2
Penalty Kill - 3 Players Defense
Defense Defense Time % Phy DF OF
1 Brayden McNabb Kevin Connauton 60 1 2 2
2 Samuel Groulx Mike Reilly 40 1 2 2
4 vs 4 Forward
Center Wing Time % Phy DF OF
1 Jordan LaVallee Brian Boyle 60 1 2 2
2 Corban Knight Logan MacMillan 40 1 2 2
4 vs 4 Defense
Defense Defense Time % Phy DF OF
1 Brayden McNabb Kevin Connauton 60 1 2 2
2 Samuel Groulx Mike Reilly 40 1 2 2
Last Minutes Offensive
Center Left Wing Right Wing Defense Defense
Brian Boyle Jordan LaVallee Brandon Kozun Brayden McNabb Kevin Connauton
Last Minutes Defensive
Center Left Wing Right Wing Defense Defense
Brian Boyle Jordan LaVallee Brandon Kozun Brayden McNabb Kevin Connauton
Goaltenders
Starting : Oscar Dansk
Backup : Harru Sateri
Extra Forwards
Normal : Sam Carrick, William Carrier, Michael Ferland - PP : Sam Carrick, William Carrier - PK : Michael Ferland
Extra Defensemen
Normal : Alex Plante, Robin Norell, Samuel Groulx - PP : Alex Plante - PK : Robin Norell, Samuel Groulx
Penalty Shots
Jordan LaVallee, Brian Boyle, Corban Knight, Logan MacMillan, Brandon Kozun
Scratches
Thomas Gobeil (Healthy), Theodor Blueger (Healthy), Alex Henriksson (Healthy), Cole Ully (Healthy), Adam Clendening (Right Foot Injury)
Christian Djoos (Healthy), Billy Sweat (Healthy)
Sewer Rats
5 vs 5 Forward
Center Left Wing Right Wing Time % Phy DF OF
1 Vincent Trocheck Tomas Tatar Mark Mancari 40 1 2 2
2 Jonathan Marchessault Daniel Carr Erik Condra 30 1 2 2
3 Nick Cousins Joseph Blandisi Martin Frk 20 1 2 2
4 Jared McCann Michael Dal Colle Dmitrij Jaskin 10 1 2 2
5 vs 5 Defense
Defense Defense Time % Phy DF OF
1 Jarred Tinordi Steven Kampfer 40 1 2 2
2 Stefan Elliott Joel Edmundson 30 1 2 2
3 John Ramage Connor Carrick 20 1 2 2
4 Xavier Ouellet Jarred Tinordi 10 1 2 2
PowerPlay Forward
Center Left Wing Right Wing Time % Phy DF OF
1 Vincent Trocheck Tomas Tatar Mark Mancari 60 1 2 2
2 Jonathan Marchessault Daniel Carr Erik Condra 40 1 2 2
PowerPlay Defense
Defense Defense Time % Phy DF OF
1 Jarred Tinordi Steven Kampfer 60 1 2 2
2 Stefan Elliott Joel Edmundson 40 1 2 2
Penalty Kill 4 Players Forward
Center Wing Time % Phy DF OF
1 Mark Mancari Tomas Tatar 60 1 2 2
2 Vincent Trocheck Erik Condra 40 1 2 2
Penalty Kill 4 Players Defense
Defense Defense Time % Phy DF OF
1 Jarred Tinordi Steven Kampfer 60 1 2 2
2 Stefan Elliott Joel Edmundson 40 1 2 2
Penalty Kill - 3 Players Forward
Forward Time % Phy DF OF
1 Mark Mancari 60 1 2 2
2 Tomas Tatar 40 1 2 2
Penalty Kill - 3 Players Defense
Defense Defense Time % Phy DF OF
1 Jarred Tinordi Steven Kampfer 60 1 2 2
2 Stefan Elliott Joel Edmundson 40 1 2 2
4 vs 4 Forward
Center Wing Time % Phy DF OF
1 Mark Mancari Tomas Tatar 60 1 2 2
2 Vincent Trocheck Erik Condra 40 1 2 2
4 vs 4 Defense
Defense Defense Time % Phy DF OF
1 Jarred Tinordi Steven Kampfer 60 1 2 2
2 Stefan Elliott Joel Edmundson 40 1 2 2
Last Minutes Offensive
Center Left Wing Right Wing Defense Defense
Vincent Trocheck Tomas Tatar Mark Mancari Jarred Tinordi Steven Kampfer
Last Minutes Defensive
Center Left Wing Right Wing Defense Defense
Vincent Trocheck Tomas Tatar Mark Mancari Jarred Tinordi Steven Kampfer
Goaltenders
Starting : Darcy Kuemper
Backup : Marek Mazanek
Extra Forwards
Normal : Martin Frk, Nick Cousins, Dmitrij Jaskin - PP : Martin Frk, Nick Cousins - PK : Dmitrij Jaskin
Extra Defensemen
Normal : John Ramage, Connor Carrick, Xavier Ouellet - PP : John Ramage - PK : Connor Carrick, Xavier Ouellet
Penalty Shots
Mark Mancari, Tomas Tatar, Vincent Trocheck, Erik Condra, Daniel Carr
Scratches
Dominik Kubalik (Healthy), Ryan Murphy (Bruised Right Shoulder Injury), Josh Archibald (Healthy), Jonathan Racine (Healthy), Tyler Motte (Healthy)
Chris Calhan (Healthy), Anthony Duclair (Healthy), Mark Friedman (Healthy), Matteson Iacopelli (Healthy), Sergei Kostenko (Healthy)
Antoine Bibeau (Healthy)
% Time on Ice - Ice Dragons
Lines # - Real PCT - Wanted PCT - Time Play
Normal Forward
1 - 32% - 40% - 15:18
2 - 26% - 30% - 12:30
3 - 23% - 20% - 11:06
4 - 19% - 10% - 8:57
Normal Defense
1 - 37% - 40% - 17:48
2 - 33% - 30% - 15:41
3 - 25% - 20% - 12:07
4 - 5% - 10% - 2:15
PP Forward
1 - 64% - 60% - 5:04
2 - 36% - 40% - 2:49
PP Defense
1 - 65% - 60% - 5:07
2 - 35% - 40% - 2:46
PK Forward
1 - 82% - 60% - 3:31
2 - 18% - 40% - 0:45
PK Defense
1 - 72% - 60% - 3:04
2 - 28% - 40% - 1:12
PK3 Forward
1 - 0% - 60%
2 - 0% - 40%
PK3 Defense
1 - 0% - 60%
2 - 0% - 40%
44 Forward
1 - 0% - 60%
2 - 0% - 40%
44 Defense
1 - 0% - 60%
2 - 0% - 40%
Last Minute Offensive - 0:00
Last Minute Defensive - 0:00
Total
Forward - 60:00
Defense - 60:00
|
% Time on Ice - Sewer Rats
Lines # - Real PCT - Wanted PCT - Time Play
Normal Forward
1 - 34% - 40% - 16:08
2 - 24% - 30% - 11:20
3 - 25% - 20% - 11:56
4 - 18% - 10% - 8:27
Normal Defense
1 - 36% - 40% - 17:13
2 - 32% - 30% - 15:11
3 - 24% - 20% - 11:22
4 - 9% - 10% - 4:05
PP Forward
1 - 58% - 60% - 2:28
2 - 42% - 40% - 1:48
PP Defense
1 - 72% - 60% - 3:04
2 - 28% - 40% - 1:12
PK Forward
1 - 80% - 60% - 4:45
2 - 20% - 40% - 1:13
PK Defense
1 - 57% - 60% - 3:24
2 - 43% - 40% - 2:34
PK3 Forward
1 - 59% - 60% - 1:08
2 - 41% - 40% - 0:47
PK3 Defense
1 - 71% - 60% - 1:22
2 - 29% - 40% - 0:33
44 Forward
1 - 0% - 60%
2 - 0% - 40%
44 Defense
1 - 0% - 60%
2 - 0% - 40%
Last Minute Offensive - 0:00
Last Minute Defensive - 0:00
Total
Forward - 60:00
Defense - 60:00
|
Play-by-Play
1st period
0:01 of 1st period - Brian Boyle wins face-off versus Vincent Trocheck in neutral zone.
0:11 of 1st period - Slapshot by Steven Kampfer.
0:11 of 1st period - Deflect By Tomas Tatar.
0:11 of 1st period - Stopped by Oscar Dansk with a rebound.
0:13 of 1st period - Slapshot by Tomas Tatar.
0:13 of 1st period - Shot Misses the Net.
0:15 of 1st period - Slapshot by Steven Kampfer.
0:15 of 1st period - Stopped by Oscar Dansk with a rebound.
0:50 of 1st period - Off-side.
0:51 of 1st period - Sam Carrick wins face-off versus Jared McCann in neutral zone.
1:24 of 1st period - Wrist shot by Erik Condra.
1:24 of 1st period - Stopped by Oscar Dansk with a rebound.
1:26 of 1st period - Slapshot by Erik Condra.
1:26 of 1st period - Shot Misses the Net.
1:28 of 1st period - Snap shot by Erik Condra.
1:28 of 1st period - Stopped by Oscar Dansk with a rebound.
1:30 of 1st period - Slapshot by Xavier Ouellet.
1:30 of 1st period - Deflect By Sam Carrick.
1:30 of 1st period - Stopped by Oscar Dansk with a rebound.
1:32 of 1st period - Slapshot by Jarred Tinordi.
1:32 of 1st period - Shot Blocked by Samuel Groulx.
2:01 of 1st period - Icing by Samuel Groulx.
2:02 of 1st period - Nick Cousins wins face-off versus Chris Wagner in Ice Dragons zone.
2:11 of 1st period - Wrist shot by Nick Cousins.
2:11 of 1st period - Goal by Nick Cousins - Ice Dragons : 0 - Sewer Rats : 1.
2:12 of 1st period - Tomas Tatar wins face-off versus Emil Pettersson in neutral zone.
3:03 of 1st period - Erik Condra is hit by Brayden McNabb and loses puck.
3:26 of 1st period - Slapshot by Vincent Trocheck.
3:26 of 1st period - Shot Blocked by Corban Knight.
3:32 of 1st period - Wrist shot by Mark Mancari.
3:32 of 1st period - Shot Misses the Net.
3:44 of 1st period - John Ramage is hit by Sam Carrick and loses puck.
3:51 of 1st period - Snap shot by Sam Carrick.
3:51 of 1st period - Shot Misses the Net.
3:53 of 1st period - Slapshot by Mike Reilly.
3:53 of 1st period - Shot Misses the Net.
4:07 of 1st period - Icing by John Ramage.
4:08 of 1st period - Brian Boyle wins face-off versus Nick Cousins in Sewer Rats zone.
4:43 of 1st period - Wrist shot by Jordan LaVallee.
4:43 of 1st period - Shot Blocked by John Ramage.
4:45 of 1st period - Wrist shot by Jordan LaVallee.
4:45 of 1st period - Stopped by Darcy Kuemper with a rebound.
4:47 of 1st period - Snap shot by Brayden McNabb.
4:47 of 1st period - Shot Blocked by John Ramage.
5:09 of 1st period - Slapshot by Jordan LaVallee.
5:09 of 1st period - Goal by Jordan LaVallee - Ice Dragons : 1 - Sewer Rats : 1.
5:10 of 1st period - Corban Knight wins face-off versus Tomas Tatar in neutral zone.
5:15 of 1st period - Snap shot by Corban Knight.
5:15 of 1st period - Stopped by Darcy Kuemper without a rebound.
5:16 of 1st period - Corban Knight wins face-off versus Vincent Trocheck in Sewer Rats zone.
5:21 of 1st period - Snap shot by Logan MacMillan.
5:21 of 1st period - Stopped by Darcy Kuemper without a rebound.
5:22 of 1st period - Corban Knight wins face-off versus Vincent Trocheck in Sewer Rats zone.
5:47 of 1st period - Brian Boyle is hit by Steven Kampfer and loses puck.
6:30 of 1st period - Snap shot by Dmitrij Jaskin.
6:30 of 1st period - Stopped by Oscar Dansk with a rebound.
6:42 of 1st period - Snap shot by Martin Frk.
6:42 of 1st period - Stopped by Oscar Dansk with a rebound.
6:56 of 1st period - Slapshot by Kevin Connauton.
6:56 of 1st period - Stopped by Darcy Kuemper without a rebound.
6:57 of 1st period - Jonathan Marchessault wins face-off versus Corban Knight in Sewer Rats zone.
7:06 of 1st period - Corban Knight is hit by Daniel Carr and loses puck.
7:13 of 1st period - Chris Wagner is hit by Jarred Tinordi and loses puck.
7:53 of 1st period - Connor Carrick is hit by Juho Lammikko and loses puck.
8:18 of 1st period - Slapshot by Nick Cousins.
8:18 of 1st period - Shot Misses the Net.
8:20 of 1st period - Snap shot by Joseph Blandisi.
8:20 of 1st period - Shot Misses the Net.
8:22 of 1st period - Slapshot by Connor Carrick.
8:22 of 1st period - Stopped by Oscar Dansk with a rebound.
8:34 of 1st period - Jonathan Marchessault is hit by Brayden McNabb.
8:42 of 1st period - Snap shot by Corban Knight.
8:42 of 1st period - Stopped by Darcy Kuemper without a rebound.
8:43 of 1st period - Corban Knight wins face-off versus Vincent Trocheck in Sewer Rats zone.
8:50 of 1st period - Slapshot by Corban Knight.
8:50 of 1st period - Shot Misses the Net.
9:11 of 1st period - Daniel Carr is hit by Alex Plante and loses puck.
9:48 of 1st period - Slapshot by Justin Shugg.
9:48 of 1st period - Stopped by Darcy Kuemper with a rebound.
10:13 of 1st period - Joel Edmundson is hit by Juho Lammikko and loses puck.
10:52 of 1st period - Snap shot by Michael Ferland.
10:52 of 1st period - Stopped by Darcy Kuemper with a rebound.
11:04 of 1st period - Wrist shot by Nick Cousins.
11:04 of 1st period - Shot Misses the Net.
12:02 of 1st period - Wrist shot by Martin Frk.
12:02 of 1st period - Shot Misses the Net.
12:04 of 1st period - Slapshot by Joel Edmundson.
12:04 of 1st period - Stopped by Oscar Dansk without a rebound.
12:05 of 1st period - Brian Boyle wins face-off versus Vincent Trocheck in Ice Dragons zone.
12:05 of 1st period - Brian Boyle is hit by Tomas Tatar.
12:31 of 1st period - Brayden McNabb is hit by Daniel Carr and loses puck.
12:38 of 1st period - Slapshot by Kevin Connauton.
12:38 of 1st period - Shot Misses the Net.
12:54 of 1st period - William Carrier is hit by Dmitrij Jaskin and loses puck.
13:33 of 1st period - Slapshot by Corban Knight.
13:33 of 1st period - Shot Misses the Net.
13:35 of 1st period - Snap shot by Corban Knight.
13:35 of 1st period - Stopped by Darcy Kuemper with a rebound.
15:01 of 1st period - Jarred Tinordi is hit by William Carrier and loses puck.
15:19 of 1st period - Jordan LaVallee is hit by Steven Kampfer and loses puck.
16:59 of 1st period - Icing by Corban Knight.
17:00 of 1st period - Corban Knight wins face-off versus Nick Cousins in Ice Dragons zone.
17:00 of 1st period - Corban Knight is hit by Steven Kampfer.
17:38 of 1st period - Wrist shot by Connor Carrick.
17:38 of 1st period - Shot Misses the Net.
17:40 of 1st period - Minor Penalty to Sam Carrick for Slashing.
17:41 of 1st period - Vincent Trocheck wins face-off versus Jordan LaVallee in Ice Dragons zone.
17:42 of 1st period - Snap shot by Tomas Tatar.
17:42 of 1st period - Goal by Tomas Tatar - Ice Dragons : 1 - Sewer Rats : 2.
17:43 of 1st period - Vincent Trocheck wins face-off versus Brian Boyle in neutral zone.
18:20 of 1st period - Snap shot by Nick Cousins.
18:20 of 1st period - Stopped by Oscar Dansk without a rebound.
18:21 of 1st period - Vincent Trocheck wins face-off versus Corban Knight in Ice Dragons zone.
18:24 of 1st period - Snap shot by Tomas Tatar.
18:24 of 1st period - Shot Blocked by Samuel Groulx.
18:46 of 1st period - Corban Knight is hit by Michael Dal Colle and loses puck.
18:51 of 1st period - Slapshot by Dmitrij Jaskin.
18:51 of 1st period - Shot Misses the Net.
18:55 of 1st period - Slapshot by Dmitrij Jaskin.
18:55 of 1st period - Shot Blocked by Mike Reilly.
18:57 of 1st period - Slapshot by Joel Edmundson.
18:57 of 1st period - Shot Misses the Net.
18:59 of 1st period - Snap shot by Jared McCann.
18:59 of 1st period - Shot Misses the Net.
19:06 of 1st period - Icing by Mike Reilly.
19:07 of 1st period - Chris Wagner wins face-off versus Jonathan Marchessault in Ice Dragons zone.
19:07 of 1st period - Chris Wagner is hit by Erik Condra.
19:17 of 1st period - Wrist shot by Jordan LaVallee.
19:17 of 1st period - Shot Blocked by Daniel Carr.
Goals for this period are 1 for Ice Dragons vs 2 for Sewer Rats.
Shots for this period are 9 for Ice Dragons vs 12 for Sewer Rats.
2nd period
0:01 of 2nd period - Vincent Trocheck wins face-off versus Brian Boyle in neutral zone.
0:04 of 2nd period - Snap shot by Vincent Trocheck.
0:04 of 2nd period - Stopped by Oscar Dansk without a rebound.
0:05 of 2nd period - Brandon Kozun wins face-off versus Vincent Trocheck in Ice Dragons zone.
0:14 of 2nd period - Wrist shot by Jordan LaVallee.
0:14 of 2nd period - Stopped by Darcy Kuemper without a rebound.
0:15 of 2nd period - Vincent Trocheck wins face-off versus Corban Knight in Sewer Rats zone.
0:42 of 2nd period - Jarred Tinordi is hit by Kevin Connauton and loses puck.
2:28 of 2nd period - Slapshot by Mike Reilly.
2:28 of 2nd period - Shot Misses the Net.
2:30 of 2nd period - Wrist shot by Sam Carrick.
2:30 of 2nd period - Goal by Sam Carrick - Ice Dragons : 2 - Sewer Rats : 2.
2:31 of 2nd period - Vincent Trocheck wins face-off versus Brian Boyle in neutral zone.
2:34 of 2nd period - Snap shot by Vincent Trocheck.
2:34 of 2nd period - Shot Blocked by Brandon Kozun.
2:36 of 2nd period - Wrist shot by Tomas Tatar.
2:36 of 2nd period - Shot Misses the Net.
2:38 of 2nd period - Snap shot by Steven Kampfer.
2:38 of 2nd period - Stopped by Oscar Dansk with a rebound.
2:40 of 2nd period - Slapshot by Mark Mancari.
2:40 of 2nd period - Deflect By Tomas Tatar.
2:40 of 2nd period - Stopped by Oscar Dansk with a rebound.
2:42 of 2nd period - Snap shot by Jarred Tinordi.
2:42 of 2nd period - Stopped by Oscar Dansk with a rebound.
2:44 of 2nd period - Slapshot by Jarred Tinordi.
2:44 of 2nd period - Stopped by Oscar Dansk with a rebound.
4:02 of 2nd period - Connor Carrick is hit by Brian Boyle and loses puck.
5:40 of 2nd period - Chris Wagner is hit by Joel Edmundson.
5:59 of 2nd period - Robin Norell is hit by Connor Carrick and loses puck.
6:22 of 2nd period - Snap shot by Brandon Kozun.
6:22 of 2nd period - Shot Blocked by Jarred Tinordi.
7:03 of 2nd period - Slapshot by Daniel Carr.
7:03 of 2nd period - Shot Misses the Net.
7:16 of 2nd period - Minor Penalty to Connor Carrick for Hooking.
7:17 of 2nd period - Mark Mancari wins face-off versus Brian Boyle in Sewer Rats zone.
7:17 of 2nd period - Mark Mancari is hit by Brayden McNabb.
7:43 of 2nd period - Snap shot by Corban Knight.
7:43 of 2nd period - Goal by Corban Knight - Ice Dragons : 3 - Sewer Rats : 2.
7:44 of 2nd period - Tomas Tatar wins face-off versus Brian Boyle in neutral zone.
8:10 of 2nd period - Logan MacMillan is hit by Steven Kampfer and loses puck.
8:37 of 2nd period - Sam Carrick is hit by Stefan Elliott and loses puck.
8:48 of 2nd period - Snap shot by Nick Cousins.
8:48 of 2nd period - Shot Misses the Net.
9:02 of 2nd period - Snap shot by Mike Reilly.
9:02 of 2nd period - Deflect By Emil Pettersson.
9:02 of 2nd period - Stopped by Darcy Kuemper with a rebound.
9:06 of 2nd period - Slapshot by Samuel Groulx.
9:06 of 2nd period - Shot Blocked by Joel Edmundson.
9:08 of 2nd period - Slapshot by Mike Reilly.
9:08 of 2nd period - Stopped by Darcy Kuemper with a rebound.
9:10 of 2nd period - Slapshot by Mike Reilly.
9:10 of 2nd period - Shot Misses the Net.
9:12 of 2nd period - Wrist shot by Juho Lammikko.
9:12 of 2nd period - Stopped by Darcy Kuemper with a rebound.
9:28 of 2nd period - Snap shot by Dmitrij Jaskin.
9:28 of 2nd period - Stopped by Oscar Dansk without a rebound.
9:29 of 2nd period - Brandon Kozun wins face-off versus Jared McCann in Ice Dragons zone.
10:04 of 2nd period - Off-side.
10:05 of 2nd period - Vincent Trocheck wins face-off versus Corban Knight in neutral zone.
10:12 of 2nd period - Wrist shot by Mark Mancari.
10:12 of 2nd period - Shot Misses the Net.
10:14 of 2nd period - Slapshot by Vincent Trocheck.
10:14 of 2nd period - Stopped by Oscar Dansk with a rebound.
10:30 of 2nd period - John Ramage is hit by Jordan LaVallee and loses puck.
10:37 of 2nd period - Wrist shot by Brian Boyle.
10:37 of 2nd period - Shot Blocked by Erik Condra.
10:39 of 2nd period - Wrist shot by Jordan LaVallee.
10:39 of 2nd period - Shot Misses the Net.
10:41 of 2nd period - Slapshot by Jordan LaVallee.
10:41 of 2nd period - Shot Misses the Net.
10:51 of 2nd period - Slapshot by John Ramage.
10:51 of 2nd period - Stopped by Oscar Dansk with a rebound.
10:57 of 2nd period - Connor Carrick is hit by William Carrier and loses puck.
11:12 of 2nd period - Snap shot by Logan MacMillan.
11:12 of 2nd period - Stopped by Darcy Kuemper with a rebound.
11:14 of 2nd period - Snap shot by Brayden McNabb.
11:14 of 2nd period - Shot Blocked by Connor Carrick.
11:16 of 2nd period - Wrist shot by Corban Knight.
11:16 of 2nd period - Stopped by Darcy Kuemper without a rebound.
11:17 of 2nd period - Mark Mancari wins face-off versus Corban Knight in Sewer Rats zone.
11:49 of 2nd period - Snap shot by Logan MacMillan.
11:49 of 2nd period - Stopped by Darcy Kuemper with a rebound.
11:51 of 2nd period - Snap shot by Chris Wagner.
11:51 of 2nd period - Stopped by Darcy Kuemper with a rebound.
12:03 of 2nd period - Snap shot by Corban Knight.
12:03 of 2nd period - Goal by Corban Knight - Ice Dragons : 4 - Sewer Rats : 2.
12:04 of 2nd period - Brian Boyle wins face-off versus Jonathan Marchessault in neutral zone.
12:39 of 2nd period - Off-side.
12:40 of 2nd period - Vincent Trocheck wins face-off versus Corban Knight in neutral zone.
12:53 of 2nd period - Wrist shot by Tomas Tatar.
12:53 of 2nd period - Stopped by Oscar Dansk without a rebound.
12:54 of 2nd period - Brian Boyle wins face-off versus Vincent Trocheck in Ice Dragons zone.
13:05 of 2nd period - Snap shot by Jordan LaVallee.
13:05 of 2nd period - Goal by Jordan LaVallee - Ice Dragons : 5 - Sewer Rats : 2.
13:05 of 2nd period - Marek Mazanek enters game.
13:06 of 2nd period - Brian Boyle wins face-off versus Vincent Trocheck in neutral zone.
13:09 of 2nd period - Slapshot by Brandon Kozun.
13:09 of 2nd period - Shot Misses the Net.
13:11 of 2nd period - Snap shot by Brandon Kozun.
13:11 of 2nd period - Stopped by Marek Mazanek with a rebound.
13:13 of 2nd period - Snap shot by Brian Boyle.
13:13 of 2nd period - Ice Dragons goal is going for a video replay.
13:13 of 2nd period - The goal is refused. The attacking player has interfered with a goalkeeper in his goal crease..
13:14 of 2nd period - Brian Boyle wins face-off versus Vincent Trocheck in Sewer Rats zone.
13:17 of 2nd period - Wrist shot by Jordan LaVallee.
13:17 of 2nd period - Shot Blocked by Steven Kampfer.
13:19 of 2nd period - Slapshot by Kevin Connauton.
13:19 of 2nd period - Deflect By Brandon Kozun.
13:19 of 2nd period - Shot Misses the Net.
13:19 of 2nd period - Puck is out of play.
13:20 of 2nd period - Brandon Kozun wins face-off versus Vincent Trocheck in Sewer Rats zone.
13:21 of 2nd period - Snap shot by Jordan LaVallee.
13:21 of 2nd period - Stopped by Marek Mazanek without a rebound.
13:22 of 2nd period - Brian Boyle wins face-off versus Vincent Trocheck in Sewer Rats zone.
13:33 of 2nd period - Slapshot by Jordan LaVallee.
13:33 of 2nd period - Shot Blocked by Steven Kampfer.
13:35 of 2nd period - Slapshot by Brandon Kozun.
13:35 of 2nd period - Deflect By Brian Boyle.
13:35 of 2nd period - Shot Misses the Net.
13:35 of 2nd period - Puck is out of play.
13:36 of 2nd period - Corban Knight wins face-off versus Vincent Trocheck in Sewer Rats zone.
13:37 of 2nd period - Snap shot by Chris Wagner.
13:37 of 2nd period - Shot Blocked by Tomas Tatar.
13:39 of 2nd period - Wrist shot by Logan MacMillan.
13:39 of 2nd period - Stopped by Marek Mazanek with a rebound.
13:43 of 2nd period - Wrist shot by Corban Knight.
13:43 of 2nd period - Shot Misses the Net.
13:45 of 2nd period - Slapshot by Kevin Connauton.
13:45 of 2nd period - Shot Misses the Net.
13:47 of 2nd period - Slapshot by Brayden McNabb.
13:47 of 2nd period - Shot Misses the Net.
13:51 of 2nd period - Slapshot by Corban Knight.
13:51 of 2nd period - Stopped by Marek Mazanek with a rebound.
14:05 of 2nd period - Wrist shot by Sam Carrick.
14:05 of 2nd period - Stopped by Marek Mazanek with a rebound.
14:07 of 2nd period - Snap shot by Justin Shugg.
14:07 of 2nd period - Shot Blocked by Steven Kampfer.
14:09 of 2nd period - Slapshot by Alex Plante.
14:09 of 2nd period - Stopped by Marek Mazanek without a rebound.
14:10 of 2nd period - Jonathan Marchessault wins face-off versus Brian Boyle in Sewer Rats zone.
14:12 of 2nd period - Minor Penalty to Erik Condra for Interference.
14:13 of 2nd period - Mark Mancari wins face-off versus Brian Boyle in Sewer Rats zone.
16:12 of 2nd period - Penalty to Erik Condra is over, Erik Condra is back on ice.
16:30 of 2nd period - Connor Carrick is hit by William Carrier and loses puck.
18:43 of 2nd period - Icing by Jarred Tinordi.
18:44 of 2nd period - Vincent Trocheck wins face-off versus Brian Boyle in Sewer Rats zone.
Goals for this period are 4 for Ice Dragons vs 0 for Sewer Rats.
Shots for this period are 19 for Ice Dragons vs 9 for Sewer Rats.
3rd period
0:01 of 3rd period - Brian Boyle wins face-off versus Vincent Trocheck in neutral zone.
0:16 of 3rd period - Snap shot by Mark Mancari.
0:16 of 3rd period - Stopped by Oscar Dansk without a rebound.
0:17 of 3rd period - Jonathan Marchessault wins face-off versus Corban Knight in Ice Dragons zone.
0:22 of 3rd period - Snap shot by Daniel Carr.
0:22 of 3rd period - Shot Misses the Net.
0:30 of 3rd period - Slapshot by Corban Knight.
0:30 of 3rd period - Shot Misses the Net.
0:42 of 3rd period - Jordan LaVallee is hit by Vincent Trocheck and loses puck.
1:04 of 3rd period - Minor Penalty to William Carrier for High sticking.
1:05 of 3rd period - Vincent Trocheck wins face-off versus Jordan LaVallee in Ice Dragons zone.
1:20 of 3rd period - Snap shot by Vincent Trocheck.
1:20 of 3rd period - Goal by Vincent Trocheck - Ice Dragons : 5 - Sewer Rats : 3.
1:21 of 3rd period - Brian Boyle wins face-off versus Vincent Trocheck in neutral zone.
1:26 of 3rd period - Slapshot by Brayden McNabb.
1:26 of 3rd period - Stopped by Marek Mazanek with a rebound.
1:34 of 3rd period - Wrist shot by Tomas Tatar.
1:34 of 3rd period - Stopped by Oscar Dansk without a rebound.
1:35 of 3rd period - Vincent Trocheck wins face-off versus Brian Boyle in Ice Dragons zone.
1:41 of 3rd period - Minor Penalty to Brayden McNabb for Elbowing.
1:42 of 3rd period - Vincent Trocheck wins face-off versus Jordan LaVallee in Ice Dragons zone.
1:44 of 3rd period - Slapshot by Tomas Tatar.
1:44 of 3rd period - Stopped by Oscar Dansk without a rebound.
1:45 of 3rd period - Vincent Trocheck wins face-off versus Jordan LaVallee in Ice Dragons zone.
2:14 of 3rd period - Backhand shot by Jonathan Marchessault.
2:14 of 3rd period - Shot Misses the Net.
2:48 of 3rd period - Slapshot by Samuel Groulx.
2:48 of 3rd period - Shot Blocked by Stefan Elliott.
3:41 of 3rd period - Penalty to Brayden McNabb is over, Brayden McNabb is back on ice.
3:46 of 3rd period - Brayden McNabb is hit by Joseph Blandisi.
4:02 of 3rd period - Michael Ferland is hit by Martin Frk and loses puck.
4:23 of 3rd period - Snap shot by Sam Carrick.
4:23 of 3rd period - Shot Misses the Net.
4:25 of 3rd period - Wrist shot by Justin Shugg.
4:25 of 3rd period - Stopped by Marek Mazanek without a rebound.
4:26 of 3rd period - Nick Cousins wins face-off versus Corban Knight in Sewer Rats zone.
4:36 of 3rd period - Minor Penalty to Nick Cousins for High sticking.
4:37 of 3rd period - Mark Mancari wins face-off versus Corban Knight in Sewer Rats zone.
4:47 of 3rd period - Snap shot by Kevin Connauton.
4:47 of 3rd period - Stopped by Marek Mazanek with a rebound.
4:49 of 3rd period - Wrist shot by Corban Knight.
4:49 of 3rd period - Stopped by Marek Mazanek with a rebound.
4:51 of 3rd period - Snap shot by Chris Wagner.
4:51 of 3rd period - Deflect By Tomas Tatar.
4:51 of 3rd period - Shot Misses the Net.
4:51 of 3rd period - Puck is out of play.
4:52 of 3rd period - Mark Mancari wins face-off versus Brian Boyle in Sewer Rats zone.
5:49 of 3rd period - Dmitrij Jaskin is hit by Logan MacMillan and loses puck.
6:36 of 3rd period - Penalty to Nick Cousins is over, Nick Cousins is back on ice.
6:44 of 3rd period - Slapshot by Steven Kampfer.
6:44 of 3rd period - Shot Misses the Net.
7:11 of 3rd period - Wrist shot by Nick Cousins.
7:11 of 3rd period - Shot Blocked by Kevin Connauton.
7:15 of 3rd period - Snap shot by Daniel Carr.
7:15 of 3rd period - Shot Misses the Net.
7:23 of 3rd period - Snap shot by Daniel Carr.
7:23 of 3rd period - Stopped by Oscar Dansk without a rebound.
7:24 of 3rd period - Sam Carrick wins face-off versus Jared McCann in Ice Dragons zone.
7:24 of 3rd period - Sam Carrick is hit by Stefan Elliott.
7:50 of 3rd period - Joseph Blandisi is hit by Brian Boyle and loses puck.
8:46 of 3rd period - Slapshot by Steven Kampfer.
8:46 of 3rd period - Shot Misses the Net.
8:58 of 3rd period - John Ramage is hit by William Carrier and loses puck.
9:11 of 3rd period - Joseph Blandisi is hit by Brandon Kozun and loses puck.
9:33 of 3rd period - Backhand shot by Samuel Groulx.
9:33 of 3rd period - Shot Misses the Net.
9:35 of 3rd period - Snap shot by Juho Lammikko.
9:35 of 3rd period - Shot Blocked by John Ramage.
9:37 of 3rd period - Snap shot by Brayden McNabb.
9:37 of 3rd period - Deflect By Jonathan Marchessault.
9:37 of 3rd period - Stopped by Marek Mazanek without a rebound.
9:38 of 3rd period - Emil Pettersson wins face-off versus Jared McCann in Sewer Rats zone.
9:38 of 3rd period - Emil Pettersson is hit by Joel Edmundson.
9:42 of 3rd period - Snap shot by Juho Lammikko.
9:42 of 3rd period - Shot Misses the Net.
9:44 of 3rd period - Snap shot by Brayden McNabb.
9:44 of 3rd period - Stopped by Marek Mazanek with a rebound.
9:46 of 3rd period - Snap shot by Juho Lammikko.
9:46 of 3rd period - Stopped by Marek Mazanek without a rebound.
9:47 of 3rd period - Jared McCann wins face-off versus Brandon Kozun in Sewer Rats zone.
10:04 of 3rd period - Minor Penalty to Michael Dal Colle for Holding.
10:05 of 3rd period - Mark Mancari wins face-off versus Brian Boyle in Sewer Rats zone.
10:05 of 3rd period - Mark Mancari is hit by Brian Boyle.
10:08 of 3rd period - Minor Penalty to Tomas Tatar for Holding.
10:09 of 3rd period - Brian Boyle wins face-off versus Mark Mancari in Sewer Rats zone.
10:35 of 3rd period - Mark Mancari is hit by Kevin Connauton and loses puck.
12:04 of 3rd period - Penalty to Michael Dal Colle is over, Michael Dal Colle is back on ice.
12:08 of 3rd period - Penalty to Tomas Tatar is over, Tomas Tatar is back on ice.
13:25 of 3rd period - Wrist shot by Jonathan Marchessault.
13:25 of 3rd period - Stopped by Oscar Dansk with a rebound.
13:45 of 3rd period - Minor Penalty to Sam Carrick for Hooking.
13:46 of 3rd period - Vincent Trocheck wins face-off versus Jordan LaVallee in Ice Dragons zone.
13:52 of 3rd period - Snap shot by Vincent Trocheck.
13:52 of 3rd period - Shot Misses the Net.
13:54 of 3rd period - Wrist shot by Vincent Trocheck.
13:54 of 3rd period - Shot Misses the Net.
13:56 of 3rd period - Slapshot by Jarred Tinordi.
13:56 of 3rd period - Shot Misses the Net.
13:58 of 3rd period - Wrist shot by Jarred Tinordi.
13:58 of 3rd period - Stopped by Oscar Dansk without a rebound.
13:59 of 3rd period - Jordan LaVallee wins face-off versus Jonathan Marchessault in Ice Dragons zone.
13:59 of 3rd period - Jordan LaVallee is hit by Daniel Carr.
15:05 of 3rd period - Tomas Tatar is hit by Kevin Connauton and loses puck.
15:45 of 3rd period - Penalty to Sam Carrick is over, Sam Carrick is back on ice.
16:07 of 3rd period - Minor Penalty to Michael Dal Colle for Delaying the game.
16:08 of 3rd period - Mark Mancari wins face-off versus Brian Boyle in Sewer Rats zone.
16:17 of 3rd period - Off-side.
16:18 of 3rd period - Brian Boyle wins face-off versus Mark Mancari in neutral zone.
17:32 of 3rd period - Snap shot by Jordan LaVallee.
17:32 of 3rd period - Goal by Jordan LaVallee - Ice Dragons : 6 - Sewer Rats : 3.
17:33 of 3rd period - Erik Condra wins face-off versus Corban Knight in neutral zone.
17:40 of 3rd period - Snap shot by Jonathan Marchessault.
17:40 of 3rd period - Stopped by Oscar Dansk with a rebound.
17:48 of 3rd period - Wrist shot by Erik Condra.
17:48 of 3rd period - Stopped by Oscar Dansk with a rebound.
17:58 of 3rd period - Mark Mancari is hit by Justin Shugg and loses puck.
18:07 of 3rd period - Snap shot by Vincent Trocheck.
18:07 of 3rd period - Stopped by Oscar Dansk with a rebound.
18:33 of 3rd period - Snap shot by Juho Lammikko.
18:33 of 3rd period - Stopped by Marek Mazanek with a rebound.
18:43 of 3rd period - Wrist shot by Corban Knight.
18:43 of 3rd period - Stopped by Marek Mazanek with a rebound.
18:47 of 3rd period - Slapshot by Corban Knight.
18:47 of 3rd period - Deflect By Logan MacMillan.
18:47 of 3rd period - Shot Misses the Net.
18:47 of 3rd period - Puck is out of play.
18:48 of 3rd period - Jonathan Marchessault wins face-off versus Corban Knight in Sewer Rats zone.
19:23 of 3rd period - Slapshot by Jordan LaVallee.
19:23 of 3rd period - Shot Misses the Net.
19:25 of 3rd period - Wrist shot by Jordan LaVallee.
19:25 of 3rd period - Stopped by Marek Mazanek without a rebound.
19:26 of 3rd period - Brian Boyle wins face-off versus Erik Condra in Sewer Rats zone.
19:27 of 3rd period - Snap shot by Jordan LaVallee.
19:27 of 3rd period - Stopped by Marek Mazanek without a rebound.
19:28 of 3rd period - Brian Boyle wins face-off versus Jonathan Marchessault in Sewer Rats zone.
19:38 of 3rd period - Off-side.
19:39 of 3rd period - Brian Boyle wins face-off versus Vincent Trocheck in neutral zone.
Goals for this period are 1 for Ice Dragons vs 1 for Sewer Rats.
Shots for this period are 12 for Ice Dragons vs 10 for Sewer Rats.
Back to the Top